 Dungeon Crawl Stone Soup version 0.28-a0-461-g2dc4ca5097 (webtiles) character file.

Game seed: 1801904359353199830

23 Demosthentine the Poker (level 2, -2/23 HPs)
             Began as a Merfolk Gladiator on Sept 14, 2021.
             Slain by a gnoll (5 damage)
             ... on level 1 of the Dungeon.
             The game lasted 00:00:24 (791 turns).

Demosthentine the Poker (Merfolk Gladiator)          Turns: 791, Time: 00:00:25

Health: -2/23      AC:  4    Str: 14    XL:     2   Next: 95%
Magic:  2/2        EV: 13    Int:  7    God:
Gold:   36         SH:  0    Dex: 15    Spells: 1/1 levels left

rFire   . . .      SeeInvis .   a - +0 trident
rCold   . . .      Faith    .   (no shield)
rNeg    . . .      Spirit   .   b - +0 leather armour
rPois   .          Reflect  .   c - +0 helmet
rElec   .          Harm     .   (no cloak)
rCorr   .          Rampage  .   (no gloves)
Will    .....                   (no boots)
Stlth   +.........              (no amulet)
HPRegen 0.07/turn               (no ring)
MPRegen 0.08/turn               (no ring)

@: no status effects
A: (nimble swimmer 2), mertail
a: no special abilities


You were on level 1 of the Dungeon.
You visited 1 branch of the dungeon, and saw 1 of its levels.

You collected 36 gold pieces.

Inventory:

Hand Weapons
 a - a +0 trident (weapon)
Missiles
 d - 2 throwing nets (quivered)
Armour
 b - a +0 leather armour (worn)
 c - a +0 helmet (worn)
Scrolls
 e - a scroll of enchant weapon {unknown}


   Skills:
 + Level 2.6 Fighting
 + Level 4.8 Polearms
 - Level 2.0 Throwing
 + Level 0.6 Armour
 + Level 4.4 Dodging


You had one spell level left.
You didn't know any spells.
Your spell library was empty.

Dungeon Overview and Level Annotations

Branches:
Dungeon (1/15)

Altars:


Innate Abilities, Weirdness & Mutations

((You are quick and stealthy near water. (Stealth+, EV+, Speed+++)))
Your lower body shifts to a powerful aquatic tail in water.


Message History

There are monsters nearby!
You reach to attack!
You hit the gnoll but do no damage. The gnoll completely misses you.
You reach to attack!
You barely miss the gnoll. The gnoll closely misses you.
A hobgoblin comes into view.
There are monsters nearby!
You reach to attack!
You hit the gnoll.
The gnoll is lightly wounded.
The gnoll hits you from afar with a +0 spear.
There are monsters nearby!
You reach to attack!
You hit the gnoll.
The gnoll is lightly wounded.
The gnoll barely misses you.
Unknown command.
You reach to attack!
You closely miss the gnoll.
The gnoll is lightly wounded.
The gnoll hits you from afar with a +0 spear.
Reach: a) +0 trident
Press: ? - help, Dir - move target, f/p - gnoll
Aim: a gnoll, wielding a +0 spear (lightly wounded, about 36% to evade your +0 trident)
You reach to attack!
You hit the gnoll.
The gnoll is moderately wounded.
The gnoll hits you from afar with a +0 spear.
* * * LOW HITPOINT WARNING * * *
Reach: a) +0 trident
Press: ? - help, Dir - move target, f/p - gnoll
Aim: a gnoll, wielding a +0 spear (moderately wounded, about 36% to evade your +0 trident)
You reach to attack!
You closely miss the gnoll.
The gnoll is moderately wounded.
The gnoll hits you from afar with a +0 spear.
* * * LOW HITPOINT WARNING * * *
You aren't carrying any potions.
Unknown command.
Throw: 3 throwing nets
Press: ? - help, Q - select action Shift-Dir - straight line, f/p - gnoll
Aim: a gnoll, wielding a +0 spear (moderately wounded, 64% to hit)
You throw a throwing net.
The throwing net closely misses the gnoll.
The gnoll hits you from afar with a +0 spear.
You die...

######.....##..#
###.....####.##
##...##...###..#
##..####.#...##.###
####..#####.###.......
#....###....# ######..
#.#####.(#.## ##. ##.#
#..g##. #.
#..###@##.r.# #.
##.###..# .### #.
#..#...## r# #.
#.##.### g# #. #.#..#
.# #. #.#†## .# #♣
######...# .#
#...†....# #
#..........# #


You could see a gnoll.

Vanquished Creatures
  4 ball pythons (D:1)
  2 bats (D:1)
  2 endoplasms (D:1)
  A goblin (D:1)
  4 hobgoblins (D:1)
  4 kobolds (D:1)
  A frilled lizard (D:1)
  2 rats (D:1)
20 creatures vanquished.

Notes
Turn   | Place    | Note
-------+----------+-------------------------------------------
     0 | D:1      | Demosthentine the Merfolk Gladiator began the quest for the
                  | Orb.
     0 | D:1      | Reached XP level 1. HP: 16/16 MP: 1/1
   392 | D:1      | Reached XP level 2. HP: 20/23 MP: 2/2
   791 | D:1      | Slain by a gnoll

Illustrated notes

Levels and vault maps discovered:
D:1:      sevenhm_arrival_forest_fort_small_3, layout_rooms, st_stairs_4,
          grunt_decor_one_mirror

Action                   || total
-------------------------++-------
Melee: Trident           ||    59
Throw: Throwing net      ||     1
 Stab: Sleeping          ||     1
Armor: Leather armour    ||    12
Dodge: Dodged            ||    16

Table legend: (Time is in decaauts)
 A = Elapsed time spent in this place.
 B = Non-inter-level travel time spent in this place.
 C = Inter-level travel time spent in this place.
 D = Time resting spent in this place.
 E = Time spent auto-exploring this place.
 F = Levels seen in this place.
 G = Mean time per level.
                   A        B        C        D        E       F      G
               +--------+--------+--------+--------+--------+-----+--------+
         Total |    794 |    794 |      0 |      0 |    683 |   1 |  794.0 |
       Dungeon |    794 |    794 |      0 |      0 |    683 |   1 |  794.0 |
               +--------+--------+--------+--------+--------+-----+--------+

Top non-repeatable levels by time:
     D:1: 794 daAuts
